Map: Kairos Junction LE

Players

MaSa

  • Race: Terran Terran
  • Spawn Location: 5:00

Cham - Winner!

  • Race: Zerg Zerg
  • Spawn Location: 11:00

Event: 2019 WCS Summer

VOD

Have the link to the VOD?

Description

Time

  • Played on: July 12, 2019, 3:57 p.m.
  • Length: 17:54

All games in this series

Show
View Real Time Build Order
Export as new Build Order

MaSa Terran 

Build Orders:  

Get SALT Encoding   

  12  0:00  SCV  
  13  0:12  SCV  
  14  0:16  Supply Depot  
  14  0:24  SCV  
  15  0:38  SCV  
  15  0:40  Barracks  
  16  0:44  Refinery  
  16  0:50  SCV  
  17  1:02  SCV  
  18  1:14  SCV  
  19  1:27  Orbital Command, Barracks Reactor  
  19  1:41  Command Center  
  19  1:51  Supply Depot  
  19  1:54  SCV  
  20  2:03  Marine x2  
  20  2:06  SCV  
  23  2:12  Factory  
  23  2:18  SCV  
  23  2:21  Marine x2  
  26  2:27  Refinery  
  26  2:30  SCV  
  27  2:38  Marine x2  
  27  2:42  SCV  
  30  2:57  Factory Tech Lab  
  30  2:58  Starport  
  30  3:02  Marine x2  
  30  3:03  Orbital Command  
  30  3:04  SCV  
  33  3:16  SCV  
  34  3:20  Marine x2  
  34  3:21  Siege Tank  
  39  3:27  Supply Depot  
  39  3:28  SCV  
  39  3:31  SCV  
  41  3:36  Medivac  
  41  3:38  Marine  
  41  3:40  Marine  
  45  3:42  SCV  
  45  3:46  Supply Depot  
  46  3:48  SCV  
  46  3:55  Siege Tank  
  50  3:56  SCV  
  51  4:03  SCV  
  51  4:05  Marine x2  
  54  4:14  Liberator  
  54  4:19  Command Center  
  54  4:20  SCV x2  
  56  4:27  Supply Depot  
  59  4:40  SCV x2  
  59  4:47  Siege Tank, Bunker  
  59  4:49  Marine x2  
  59  4:52  SCV  
  64  4:53  SCV  
  64  5:04  SCV  
  65  5:11  SCV  
  62  5:16  SCV  
  60  5:23  SCV  
  60  5:25  Marine x2  
  60  5:31  SCV  
  60  5:35  SCV  
  62  5:38  Orbital Command  
  60  5:43  SCV  
  60  5:47  SCV  
  60  5:49  Refinery  
  62  5:50  Refinery  
  62  5:52  Refinery  
  62  5:55  SCV  
  62  5:56  Marine x2  
  65  5:59  SCV  
  65  6:08  SCV  
  61  6:11  SCV  
  61  6:14  Marine x2  
  61  6:15  Siege Tank  
  67  6:19  Liberator  
  67  6:20  Barracks, SCV  
  67  6:21  Barracks  
  67  6:24  SCV  
  67  6:25  Engineering Bay  
  69  6:27  Engineering Bay  
  69  6:32  Marine, SCV  
  71  6:36  Marine, SCV  
  76  6:44  SCV  
  77  6:48  SCV  
  77  6:51  Supply Depot  
  77  6:53  Supply Depot  
  77  6:56  SCV x2  
  77  6:59  Terran Infantry Weapons Level 1  
  77  7:00  SCV  
  78  7:08  SCV x2  
  80  7:09  Factory Reactor, Supply Depot  
  80  7:11  Barracks Reactor  
  80  7:12  SCV  
  81  7:16  Marine, Barracks Reactor  
  81  7:17  Stimpack  
  81  7:20  SCV  
  81  7:22  Starport Reactor  
  83  7:23  Orbital Command, Command Center  
  83  7:28  SCV  
  84  7:31  Terran Infantry Armor Level 1  
  84  7:32  SCV  
  85  7:37  Marine  
  85  7:40  SCV  
  87  7:44  SCV  
  87  7:46  Barracks  
  87  7:49  Barracks  
  88  7:52  SCV x2  
  88  7:56  SCV  
  89  7:58  Supply Depot  
  89  7:59  Factory Tech Lab, Supply Depot  
  89  8:00  Supply Depot  
  89  8:01  Marauder, Barracks, Marine x4  
  89  8:04  SCV  
  95  8:05  SCV  
  95  8:09  Armory  
  95  8:10  Refinery, Missile Turret  
  96  8:13  Factory  
  96  8:19  Medivac  
  71  8:20  Medivac  
  98  8:25  Marine, SCV x3  
  98  8:26  Marine x2  
  106  8:30  Marauder, Marine  
  109  8:39  SCV x2  
  109  8:41  SCV  
  112  8:44  Refinery  
  112  8:45  Supply Depot x2  
  112  8:46  Marine x5  
  112  8:47  Siege Tank, Supply Depot  
  118  8:49  Barracks Tech Lab  
  118  8:51  Barracks Tech Lab  
  118  8:53  Medivac  
  106  9:02  Marine  
  106  9:03  Marauder, SCV  
  106  9:07  Terran Infantry Weapons Level 2  
  106  9:09  Marauder, Marine x3  
  107  9:12  Factory Tech Lab  
  100  9:17  Combat Shield, Marine x2  
  100  9:18  Marauder  
  100  9:19  Concussive Shells  
  102  9:25  SCV  
  102  9:26  Orbital Command, SCV  
  98  9:36  Marauder  
  98  9:39  Orbital Command  
  98  9:41  Marine  
  98  9:42  Marauder  
  98  9:45  SCV  
  97  9:48  Marauder  
  97  9:50  SCV  
  93  10:01  Marine x2  
  93  10:02  Marauder  
  97  10:07  SCV x3  
  97  10:10  Marauder, Marine  
  100  10:17  Terran Vehicle Weapons Level 1  
  100  10:19  SCV x3, Medivac  
  103  10:24  Medivac  
  103  10:25  Marine, Marauder  
  108  10:29  Siege Tank  
  108  10:32  Siege Tank  
  108  10:35  Terran Infantry Armor Level 2  
  114  10:41  Marauder, Marine  
  114  10:42  SCV  
  116  10:47  Refinery  
  116  10:48  Refinery  
  116  10:51  Supply Depot x2  
  116  10:52  Supply Depot  
  116  10:54  Supply Depot  
  116  11:00  Marine  
  116  11:02  SCV  
  116  11:04  Marauder  
  116  11:07  Siege Tank  
  116  11:08  Marine  
  116  11:09  Marine  
  116  11:10  Marauder  
  116  11:11  Marine x2  
  116  11:12  SCV  
  116  11:13  Marine  
  116  11:14  Marauder, SCV x2  
  112  11:18  Marine  
  112  11:19  Orbital Command  
  112  11:24  SCV  
  112  11:25  Marauder  
  112  11:26  Marine, SCV  
  112  11:27  Marine, SCV  
  112  11:28  Marine  
  115  11:34  Marine  
  115  11:35  Marauder  
  115  11:37  SCV  
  115  11:38  SCV  
  115  11:39  SCV  
  117  11:40  Marauder  
  117  11:43  Siege Tank  
  117  11:44  Marine  
  117  11:46  Marine  
  123  11:48  Marauder  
  123  11:49  SCV  
  124  12:01  Supply Depot x2  
  124  12:02  Supply Depot  
  124  12:05  SCV x4  
  124  12:07  Marine  
  124  12:08  Marauder, Marine  
  121  12:10  Marine  
  121  12:11  Marauder  
  104  12:17  Marauder, Marine x3, SCV  
  104  12:18  SCV x2  
  95  12:23  Medivac x2  
  95  12:27  SCV  
  95  12:33  Terran Infantry Weapons Level 3  
  95  12:34  Terran Vehicle Weapons Level 2  
  95  12:39  Siege Tank  
  95  12:43  Liberator, SCV x2  
  100  12:45  Refinery, SCV  
  100  12:49  Siege Tank  
  100  12:50  SCV  
  105  12:57  Marauder, Marine x2  
  105  12:59  SCV  
  105  13:01  Marine x2  
  105  13:03  SCV  
  105  13:04  SCV x2  
  114  13:08  Marauder, Marine x2  
  114  13:10  Marine  
  114  13:11  SCV  
  118  13:15  Marine x2, SCV  
  118  13:16  SCV  
  118  13:19  Siege Tank, Marauder  
  121  13:31  Marine x3  
  121  13:32  Marauder, Marine  
  113  13:34  Marine  
  113  13:35  Marauder, Marine  
  113  13:40  Marauder  
  104  13:47  Siege Tank  
  106  13:49  Marine x4  
  106  13:53  Marauder, Marine x2  
  106  13:56  Marauder  
  106  14:01  Marine  
  109  14:04  SCV  
  109  14:07  Marine  
  109  14:09  Marine x2, SCV  
  108  14:10  SCV  
  108  14:11  Orbital Command, Marine  
  108  14:14  Marauder  
  110  14:18  Marine, Marauder  
  110  14:19  Marauder  
  104  14:24  Marine  
  104  14:29  SCV  
  104  14:30  SCV  
  104  14:31  SCV  
  97  14:34  Liberator  
  97  14:36  Marauder  
  92  14:41  SCV x2  
  92  14:42  SCV  
  92  14:43  SCV  
  98  14:46  Marine, Marauder  
  102  14:59  SCV x2  
  104  15:04  Marine x3  
  104  15:05  Marauder, SCV  
  103  15:10  Siege Tank  
  103  15:11  Orbital Command  
  100  15:14  Marauder  
  100  15:34  Supply Depot  
  100  15:35  Supply Depot  
  80  15:57  SCV  
  81  16:05  Marine x2  
  81  16:08  SCV  
  73  16:14  Factory Tech Lab  
  66  16:19  Orbital Command  
  66  16:23  Marine x2  
  45  16:33  SCV  
  42  16:41  Marine  
  42  16:45  SCV  
  44  16:53  Marine  
  44  16:54  Marine  
  39  16:55  SCV  
  39  16:57  SCV  
  39  16:59  Marine  
  35  17:03  Orbital Command  
  35  17:05  Orbital Command  
  35  17:06  Orbital Command  
  31  17:11  Marine  
  28  17:17  Marine  
  28  17:35  Marine  
Show
View Real Time Build Order
Export as new Build Order

Cham Zerg - Winner!

Build Orders: Hatch First, Roach Nydus 

Get SALT Encoding   

  12  0:00  Drone  
  13  0:08  Drone  
  14  0:17  Overlord  
  14  0:35  Drone x2  
  16  0:47  Hatchery  
  15  0:52  Drone  
  15  0:55  Drone  
  17  0:58  Drone  
  18  1:09  Extractor  
  17  1:13  Spawning Pool  
  17  1:17  Drone  
  17  1:20  Drone  
  18  1:29  Drone  
  20  1:40  Drone  
  20  1:59  Queen x2  
  20  2:00  Zergling x2  
  20  2:01  Zergling x2  
  26  2:31  Drone  
  26  2:32  Drone  
  26  2:33  Overlord  
  28  2:39  Lair  
  28  2:41  Extractor  
  28  2:43  Roach Warren  
  28  2:49  Overlord  
  29  2:51  Drone x2  
  29  2:57  Drone  
  29  2:58  Drone  
  32  3:05  Hatchery  
  29  3:10  Drone  
  30  3:13  Drone  
  31  3:23  Drone x2  
  31  3:24  Drone x2  
  35  3:31  Overlord  
  35  3:39  Nydus Network  
  34  3:45  Roach  
  36  3:50  Roach x2  
  40  3:59  Roach x2  
  44  4:05  Overlord  
  44  4:11  Overlord  
  44  4:17  Nydus Canal  
  44  4:20  Roach x2  
  44  4:23  Roach  
  50  4:26  Roach x2  
  50  4:31  Roach  
  55  4:40  Roach  
  55  4:44  Roach  
  55  4:45  Ravager  
  60  4:48  Roach x2  
  60  4:50  Roach  
  66  5:00  Nydus Canal  
  66  5:05  Overlord  
  63  5:15  Drone x3  
  63  5:21  Nydus Canal  
  62  5:24  Drone x4  
  62  5:25  Drone x2  
  66  5:32  Drone x2  
  66  5:33  Queen  
  68  5:39  Drone x2  
  68  5:40  Drone  
  68  5:42  Ravager x2  
  68  5:47  Drone  
  68  5:48  Queen  
  71  5:54  Ravager  
  72  6:00  Drone  
  72  6:03  Drone x2  
  73  6:08  Overlord  
  62  6:13  Drone x5  
  62  6:17  Queen x2  
  71  6:19  Overlord  
  71  6:21  Drone x2  
  73  6:27  Nydus Canal  
  73  6:31  Drone x3  
  74  6:33  Glial Reconstitution  
  74  6:34  Extractor  
  74  6:35  Extractor  
  72  6:45  Drone x2  
  74  6:52  Drone  
  74  6:53  Drone x2  
  73  6:56  Overlord  
  73  6:59  Overlord  
  73  7:02  Overlord x2  
  73  7:05  Overlord x2  
  73  7:11  Overlord  
  73  7:18  Hatchery  
  73  7:19  Roach x3  
  78  7:26  Roach x5  
  88  7:31  Roach x4  
  88  7:35  Overseer  
  100  7:37  Roach x2  
  100  7:41  Roach x3  
  100  7:42  Roach  
  108  7:46  Overlord  
  108  7:47  Overlord  
  108  7:49  Ravager x3  
  111  7:52  Roach  
  113  7:59  Roach x3  
  113  8:01  Roach  
  121  8:07  Roach x3  
  127  8:13  Overlord x2  
  127  8:18  Extractor, Roach x3  
  127  8:19  Roach x2  
  136  8:25  Roach  
  136  8:35  Roach x3  
  136  8:38  Roach  
  136  8:39  Ravager  
  136  8:40  Overlord  
  145  8:43  Roach  
  145  8:45  Drone  
  148  8:48  Drone, Evolution Chamber  
  148  8:54  Drone  
  149  8:57  Drone x2  
  143  9:05  Drone  
  143  9:08  Drone x2  
  143  9:09  Drone  
  139  9:13  Drone  
  139  9:14  Drone x2  
  139  9:16  Overlord  
  138  9:17  Drone, Overlord  
  138  9:20  Drone, Overseer  
  138  9:21  Drone x2  
  138  9:23  Drone  
  139  9:24  Zerg Ground Armor Level 1  
  139  9:27  Drone  
  139  9:28  Evolution Chamber  
  131  9:31  Roach  
  131  9:33  Roach  
  131  9:34  Drone  
  131  9:35  Drone x3, Extractor  
  131  9:37  Roach  
  137  9:39  Roach  
  137  9:40  Roach  
  137  9:42  Roach  
  137  9:44  Roach  
  132  9:53  Roach  
  132  9:54  Roach x3  
  132  9:56  Overseer  
  132  9:58  Ravager x3  
  132  9:59  Roach x3  
  145  10:01  Roach  
  145  10:06  Extractor  
  146  10:07  Zerg Missile Weapons Level 1, Extractor  
  146  10:11  Roach x4  
  146  10:13  Roach  
  142  10:14  Roach  
  142  10:15  Hatchery  
  142  10:18  Roach x2  
  141  10:22  Roach x3  
  141  10:27  Roach x3  
  153  10:28  Overlord x2  
  153  10:29  Drone x3  
  153  10:33  Metabolic Boost  
  153  10:34  Roach  
  153  10:35  Zergling x2, Roach  
  161  10:40  Roach  
  161  10:41  Ravager  
  161  10:42  Zergling x4, Ravager  
  163  10:44  Zergling x6  
  163  10:47  Roach x2  
  163  10:49  Roach  
  172  10:51  Zergling x2, Roach x3  
  172  10:52  Roach  
  181  11:02  Roach x3  
  181  11:04  Roach x2  
  183  11:12  Roach  
  183  11:15  Roach x2  
  183  11:18  Roach x2  
  165  11:21  Roach x8  
  169  11:26  Roach  
  169  11:28  Roach x3  
  169  11:32  Roach x2  
  172  11:35  Roach x3  
  172  11:38  Overseer  
  177  11:40  Overseer  
  177  11:43  Roach x2  
  177  11:45  Ravager  
  177  11:46  Ravager  
  177  11:47  Zergling x2, Ravager  
  181  11:48  Zergling x2  
  181  11:50  Overlord x2  
  181  11:57  Zerg Ground Armor Level 2  
  181  12:00  Zergling x2  
  182  12:05  Roach x2  
  139  12:18  Roach x4  
  139  12:22  Roach x8  
  136  12:23  Roach x2  
  136  12:26  Roach x3  
  136  12:27  Roach  
  132  12:30  Roach x2  
  132  12:33  Roach  
  132  12:34  Roach  
  132  12:35  Roach  
  139  12:37  Roach  
  139  12:43  Ravager x4  
  145  12:44  Zergling x2, Roach x2  
  145  12:45  Zergling x4  
  145  12:46  Zergling x2  
  157  12:51  Roach x3  
  157  12:57  Ravager x2  
  157  12:58  Ravager x2  
  159  12:59  Zergling x12  
  159  13:04  Roach x3  
  170  13:08  Roach  
  170  13:11  Roach x4  
  180  13:15  Ravager x2  
  180  13:16  Zergling x6  
  180  13:17  Roach  
  177  13:29  Roach  
  177  13:31  Roach  
  177  13:33  Roach  
  166  13:38  Roach x2  
  166  13:40  Roach  
  166  13:41  Roach x5  
  167  13:50  Roach x9  
  167  13:52  Roach  
  173  14:04  Hatchery  
  173  14:08  Roach  
  168  14:16  Roach x2  
  151  14:25  Roach  
  151  14:26  Roach x5  
  154  14:31  Roach x2  
  154  14:37  Ravager  
  154  14:38  Ravager x6  
  151  14:41  Zergling x4  
  151  14:44  Roach  
  152  14:46  Roach  
  152  14:50  Roach  
  156  14:55  Zergling x6, Ravager  
  160  15:01  Ravager  
  155  15:07  Ravager  
  155  15:09  Roach x2  
  155  15:10  Roach  
  155  15:12  Roach x2  
  164  15:19  Roach x2  
  167  15:23  Roach x2  
  167  15:39  Hatchery  
  160  15:51  Roach x5  
  160  15:57  Roach x2  
  168  16:02  Roach  
  172  16:05  Roach  
  177  16:11  Roach x2  
  176  16:18  Roach x2  
  168  16:36  Roach  
  153  16:40  Hatchery  
  153  16:46  Roach x2  
  125  16:55  Roach  
  125  16:56  Roach  
  125  16:58  Roach  
  129  17:07  Roach x4  
  112  17:16  Roach  
  112  17:17  Roach  
  112  17:20  Roach x3  
  113  17:32  Roach x5  
  113  17:33  Roach  
  113  17:37  Ravager x3  
  123  17:38  Ravager  
  123  17:40  Ravager  
  123  17:41  Ravager x4  
  128  17:48  Ravager  
  128  17:50  Ravager  
  132  17:51  Ravager x2  
Tags
 
Add a new tag
Caveats
  • Supply blocks, unpowered buildings, or Contaminate may cause inaccurate times.
  • Supply counts are checked every 10 seconds.